 Dungeon Crawl Stone Soup version 0.28-a0-384-g9e0c098162 (webtiles) character file.

Game seed: 1113378862107142579

25 Leszczynek the Insei (level 3, 11/28 HPs)
             Began as a Human Gladiator on Sept 2, 2021.
             Was an Initiate of Okawaru.
             Quit the game on level 2 of the Dungeon.
             The game lasted 00:09:36 (1065 turns).

Leszczynek the Insei (Human Gladiator)              Turns: 1065, Time: 00:09:36

Health: 11/28      AC:  4    Str: 14    XL:     3   Next: 20%
Magic:  3/3        EV: 12    Int:  9    God:    Okawaru [......]
Gold:   83         SH:  0    Dex: 14    Spells: 2/2 levels left

rFire   . . .      SeeInvis .     - Unarmed
rCold   . . .      Faith    .   (no shield)
rNeg    . . .      Spirit   .   a - +0 leather armour
rPois   .          Reflect  .   m - +0 helmet
rElec   .          Harm     .   (no cloak)
rCorr   .          Rampage  .   (no gloves)
Will    .....                   (no boots)
Stlth   +.........              (no amulet)
HPRegen 0.09/turn               (no ring)
MPRegen 0.08/turn               (no ring)

@: lethally poisoned (11 -> -1)
A: no striking features
a: Renounce Religion


You were on level 2 of the Dungeon.
You worshipped Okawaru.
Okawaru was noncommittal.
You visited 1 branch of the dungeon, and saw 3 of its levels.

You collected 83 gold pieces.

Inventory:

Hand Weapons
 b - a +0 hunting sling
 e - a +0 spear
Missiles
 h - 12 poisoned darts (quivered)
 l - 8 arrows
 n - 21 stones
Armour
 a - a +0 leather armour (worn)
 m - a +0 helmet (worn)
Scrolls
 f - a scroll of blinking {unknown}
 k - a scroll of immolation {unknown}
Potions
 g - a potion of might
 j - a potion of mutation {!q}


   Skills:
 + Level 2.5 Fighting
 - Level 2.0 Throwing
 - Level 3.0 Dodging
 * Level 3.8 Unarmed Combat


You had 2 spell levels left.
You didn't know any spells.
Your spell library contained the following spells:

 Spells                   Type           Power      Damage    Failure   Level
 Foxfire                  Conj/Fire      0%         2x1d4     45%         1
 Slow                     Hex            0%         N/A       61%         2
 Confusing Touch          Hex            0%         N/A       83%         3
 Conjure Flame            Conj/Fire      0%         6-21      83%         3
 Inner Flame              Hex/Fire       0%         N/A       83%         3
 Vampiric Draining        Necr           0%         2d6       83%         3


Dungeon Overview and Level Annotations

Branches:
Dungeon (3/15)

Altars:
Okawaru

Annotations:
D:2 Natasha
D:3 Sigmund


Message History

You climb upwards.
Level annotation: Natasha The adder hisses angrily.
There is a stone staircase leading down here.
Throw: 3 throwing nets
Press: ? - help, Q - select action, (/) - cycle Shift-Dir - straight line, f - adder
Aim: an adder (42% to hit)
You throw a throwing net. The throwing net hits the adder.
The adder is caught in the net!
The adder struggles against the net.
You hit the adder but do no damage.
The adder struggles against the net.
You hit the adder.
The adder is lightly wounded.
The adder struggles against the net.
The net rips apart, and the adder comes free!
You hit the adder but do no damage.
The adder is lightly wounded.
The adder bites you.
You are poisoned.
The adder poisons you!
You closely miss the adder.
The adder is lightly wounded.
You feel sick. The adder bites you. The adder closely misses you.
Throw: 2 throwing nets
Press: ? - help, Q - select action, (/) - cycle Shift-Dir - straight line, f/p - adder
Aim: an adder (lightly wounded, 42% to hit)
You throw a throwing net. The throwing net misses the adder.
You feel sick. The adder bites you.
You are more poisoned.
The adder poisons you!
Throw: throwing net
Press: ? - help, Q - select action, (/) - cycle Shift-Dir - straight line, f/p - adder
Aim: an adder (lightly wounded, 42% to hit)
You throw a throwing net.
The throwing net closely misses the adder.
You feel sick. The adder bites you.
You are lethally poisoned!
The adder poisons you!
Okay, then.
Are you sure you want to abandon this character and quit the game? (Confirm with "yes".)

#.........##.#.##
#.#####.........######## #.#
######...........# ##.#####
##...######.# .......# ##.##
#.##### ##.###.# #.# #.#...
##.###.# #.# #.#.##### #...##.#
##+## #.......# #...##.# #..@#
###.###.##. #...##.# #....S#
#........ ###.#..# #.......#
##.###.###
###....####........(####...##.###
..)...)...+.........+............
###......##.........####...##.###
#......###.......## ##.###.#
##.....# ##.....## ### #.#
#.....# ##.##


You could see an adder.

Vanquished Creatures
  A gnoll (D:3)
  An orc (D:3)
  An endoplasm (D:3)
  A goblin (D:3)
  3 hobgoblins
  A jackal (D:3)
  2 quokkas (D:2)
  A ball python (D:2)
  A bat (D:2)
  A rat (D:1)
13 creatures vanquished.

Notes
Turn   | Place    | Note
-------+----------+-------------------------------------------
     0 | D:1      | Leszczynek the Human Gladiator began the quest for the Orb.
     0 | D:1      | Reached XP level 1. HP: 16/16 MP: 1/1
   341 | D:2      | Noticed Natasha
   562 | D:2      | still level 1 btw
   710 | D:3      | Reached XP level 2. HP: 22/22 MP: 2/2
   804 | D:3      | Reached XP level 3. HP: 12/28 MP: 3/3
   826 | D:3      | Found a faded altar of an unknown god.
   982 | D:3      | Found an iron altar of Okawaru.
   999 | D:3      | Became a worshipper of Warmaster Okawaru
  1032 | D:3      | Noticed Sigmund
  1065 | D:2      | Quit the game

Illustrated notes

.# #.# ##+##
#..# .# #.# .#
#..# .# #.#
##.#### #... ##
###.### >.....
##.# #.....#
....## #.#
#.#.#.#####
.....#. #.#
#.#.......#
....... ..# #
###.###.###....#
#### ...#
#...@....# #####
#####.......
##.#### #


Turn 562 on D:2: still level 1 btw

Levels and vault maps discovered:
D:1:      onia_arrival_mini_maze, layout_basic
D:2:      layout_loops_corners, uniq_natasha
D:3:      lemuel_castle_with_subvaults [lemuel_castle_interior_original],
          layout_rooms, nicolae_uskayaw_suspiria, amcnicky_altar_gilded,
          hellmonk_ecumenical_altar_prayer_group, uniq_sigmund

Action                   || total
-------------------------++-------
Melee: Spear             ||    13
       Unarmed           ||    30
       Punch             ||     1
 Fire: Hunting sling     ||    15
Throw: Throwing net      ||     6
       Dart              ||     1
  Use: Scroll            ||     6
       Potion            ||     2
Armor: Leather armour    ||     6
Dodge: Dodged            ||    12

Table legend: (Time is in decaauts)
 A = Elapsed time spent in this place.
 B = Non-inter-level travel time spent in this place.
 C = Inter-level travel time spent in this place.
 D = Time resting spent in this place.
 E = Time spent auto-exploring this place.
 F = Levels seen in this place.
 G = Mean time per level.
                   A        B        C        D        E       F      G
               +--------+--------+--------+--------+--------+-----+--------+
         Total |   1043 |    998 |     45 |      0 |      0 |   3 |  347.7 |
       Dungeon |   1043 |    998 |     45 |      0 |      0 |   3 |  347.7 |
               +--------+--------+--------+--------+--------+-----+--------+

Top non-repeatable levels by time:
     D:2: 478 daAuts
     D:1: 300 daAuts
     D:3: 263 daAuts
